 Dungeon Crawl Stone Soup version 0.29-a0-330-g52719c12eb (webtiles) character file.

Game seed: 13257593133043203062

13228 Aelig the Frost Mage (level 12, -18/92 HPs)
             Began as a Barachi Ice Elementalist on Apr 30, 2022.
             Was a Believer of Vehumet.
             Demolished by an azure jelly (32 damage)
             ... in an ice cave.
             The game lasted 01:02:25 (13558 turns).

Aelig the Frost Mage (Barachi Ice Elementalist)    Turns: 13558, Time: 01:02:25

Health: -18/92     AC: 11    Str: 10    XL:     12   Next: 3%
Magic:  5/21       EV: 30    Int: 20    God:    Vehumet [**....]
Gold:   544        SH:  0    Dex: 19    Spells: 8/23 levels left

rFire   + . .      SeeInvis +   b - +1 hunting sling (flame)
rCold   . . .      Faith    .   (no shield)
rNeg    . . .      Spirit   .   d - +0 steam dragon scales
rPois   .          Reflect  .   c - +0 helmet of Bacosuut {rF+ SInv Stlth-}
rElec   .          Harm     .   l - +1 cloak
rCorr   .          Rampage  .   (no gloves)
Will    .....                   k - +2 pair of boots "Sauxtack" {Drain Dex+6}
Stlth   +.........              q - amulet of the acrobat
HPRegen 0.25/turn               h - ring of wizardry
MPRegen 0.17/turn               (no ring)

@: unable to hop, acrobatic, hasted, quick
A: amphibious, slowness 1, strong legs 1, +LOS
a: Hop, Renounce Religion


You were in an ice cave.
You worshipped Vehumet.
Vehumet was pleased with you.
You visited 2 branches of the dungeon, and saw 12 of its levels.
You also visited: Ice Cave.

You collected 599 gold pieces.
You spent 55 gold pieces at shops.

Inventory:

Hand Weapons
 a - the +9 mace "Xubbon" {elec, rPois rC+ rCorr Dex+2}
   (You found it on level 10 of the Dungeon)

   It occasionally discharges a powerful burst of electricity upon striking a
   foe.
   Dex:       It affects your dexterity (+2).
   rC:        It protects you from cold.
   rPois:     It protects you from poison.
   rCorr:     It protects you from acid and corrosion.
 b - a +1 hunting sling of flaming (weapon)
Missiles
 e - 280 stones
Armour
 c - the +0 helmet of Bacosuut (worn) {rF+ SInv Stlth-}
   (You acquired it on level 4 of the Dungeon)

   rF:        It protects you from fire.
   SInv:      It lets you see invisible.
   Stlth:     It makes you less stealthy.
 d - +0 steam dragon scales (worn)
 k - the +2 pair of boots "Sauxtack" (worn) {Drain Dex+6}
   (You found it on level 5 of the Dungeon)

   Dex:       It affects your dexterity (+6).
   Drain:     It drains your maximum health when unequipped.
 l - a +1 cloak (worn)
 x - +0 acid dragon scales
Jewellery
 h - a ring of wizardry (left hand)
 q - an amulet of the acrobat (around neck)
Wands
 m - a wand of paralysis (8)
 A - a wand of polymorph (3)
Scrolls
 g - 3 scrolls of enchant weapon
 n - 3 scrolls of identify
 t - 2 scrolls of blinking {unknown}
 v - a scroll of fog
 y - a scroll of torment {unknown}
 B - a scroll of vulnerability {unknown}
Potions
 i - a potion of mutation
 j - 2 potions of attraction
 o - 9 potions of curing
 p - 2 potions of flight
 w - 3 potions of magic
 z - a potion of ambrosia


   Skills:
 - Level 8.0 Fighting
 + Level 7.3 Maces & Flails
 - Level 6.0 Slings
 - Level 6.0 Dodging
 - Level 1.7 Stealth
 - Level 6.0 Spellcasting
 - Level 6.0 Conjurations
 - Level 12.2 Ice Magic
 + Level 8.2 Air Magic


You had 8 spell levels left.
You knew the following spells:

 Your Spells              Type           Power      Damage    Failure   Level
a - Freeze                Ice            100%       1d11      1%          1
b - Frozen Ramparts       Ice            100%       1d12      1%          3
c - Ozocubu's Armour      Ice            53%        N/A       1%          3
d - Hailstorm             Conj/Ice       42%        3d10      1%          4
e - Airstrike             Air            19%        N/A       1%          4

Your spell library contained the following spells:

 Spells                   Type           Power      Damage    Failure   Level
 Searing Ray              Conj           60%        2d6       1%          2
 Stone Arrow              Conj/Erth      36%        3d9       3%          3
 Lightning Bolt           Conj/Air       17%        1d31      6%          5
 Summon Lightning Spire   Summ/Air       22%        N/A       8%          4
 Call Canine Familiar     Summ           6%         N/A       12%         3
 Portal Projectile        Hex/Tloc       12%        N/A       12%         3
 Ozocubu's Refrigeration  Ice            26%        4d10      22%         7
 Leda's Liquefaction      Hex/Erth       3%         N/A       38%         4
 Malign Gateway           Summ/Tloc      3%         N/A       100%        7
 Lehudib's Crystal Spear  Conj/Erth      9%         10d4      100%        8
 Summon Horrible Things   Summ           3%         N/A       100%        8
 Shatter                  Erth           3%         3d7*      100%        9


Dungeon Overview and Level Annotations

Branches:
Dungeon (11/15)            Temple (1/1) D:7            Lair (0/6) D:11
  IceCv (1/1)
    Orc: D:9-12

Altars:
Ashenzari
Cheibriados
Dithmenos
Elyvilon
Fedhas
Gozag
Hepliaklqana
Kikubaaqudgha
Makhleb
Nemelex Xobeh
Okawaru
Qazlal
Ru
Sif Muna
Trog
Uskayaw
Vehumet
Wu Jian
Xom
Yredelemnul
Zin
The Shining One

Shops:
D:5 !

Annotations:
D:3 1 runed translucent door, p0werm0de's ghost, weakling FoFi
D:6 1 runed translucent door, SlaveLabor's ghost, novice MiBe
D:7 2 transporters, kae's ghost, novice DgFE
D:8 exclusion: downstairs
D:9 2 transporters, 1 exclusion, DrLatency's ghost, novice FeCK; Erolcha
D:11 Amaemon


Innate Abilities, Weirdness & Mutations

You are amphibious.
You cover ground slowly.
You can hop short distances.
You have an extended range of vision and can be seen from far away.


Message History

The azure jelly hits you but does no damage.
Your surroundings suddenly seem different.
Your icy armour cracks and falls away as you move.
An azure jelly comes into view.
Found 44 gold pieces.
Found a viscous altar of Jiyva.
The azure jelly quivers.
Okay, then.
The azure jelly hits you. The azure jelly freezes you!!
* * * LOW HITPOINT WARNING * * *
The azure jelly barely misses you. The azure jelly misses you. x2
Hop to where?
Press: ? - help, Dir - move target
Found five items.
Boing!
Press: ? - help, v - describe, . - travel, g - get item Item here: a shadowed robe.
The floor.
Okay, then.
Aiming: Paralyse
Press: ? - help, Shift-Dir - straight line, f - azure jelly
Aim: an azure jelly (chance to affect: 7%)
Okay, then.
Okay, then.
Press: ? - help, v - describe, . - travel
Here: an azure jelly A viscous altar of Jiyva.
Press: ? - help, v - describe, . - travel
Here: an azure jelly A viscous altar of Jiyva.
Okay, then.
Press: ? - help, v - describe, . - travel
Here: an azure jelly A viscous altar of Jiyva.
It was a potion of haste.
You feel yourself speed up.
The azure jelly attacks as you move away!
The azure jelly completely misses you. The azure jelly misses you.
The azure jelly completely misses you. x2
The azure jelly hits you.
* * * LOW HITPOINT WARNING * * *
The azure jelly freezes you!!
You die...

##### ##### ##!:$##
##...## #[...[# #.....##
#$...$# #......#
##.....## #......#
##.......## #......##
#....#....# #..##...#
#......J..#####..##..##
#..#._.#@.##.##...##..#
#.........##..##...#..##
#...#.#...#....#...##..#
##.......##....##...#..#
#.......#......##..#..##
##.....##...#...##.##..#
##....##...##..##..#..#
#...###..###..##..##.#
####..###..# ##..#...#..


You could see an azure jelly.

Vanquished Creatures
  A boulder beetle (D:11)
  A two-headed ogre (D:11)
  A death yak (D:11)
  A tengu warrior (D:10)
  Joseph (D:7)
  An ice statue (IceCv)
  An unseen horror (D:11)
  A kobold demonologist (D:6)
  2 rime drakes (D:11)
  A tengu conjurer (D:10)
  A troll (D:11)
  5 entropy weaver simulacra (IceCv)
  A hornet (D:7)
  7 slime creatures (IceCv)
  5 yaks (D:5)
  2 steam dragons
  Menkaure (D:7)
  2 acid dragons
  4 demonic crawler simulacra (IceCv)
  2 ice beasts
  2 black bears (D:5)
  An orc warrior (D:7)
  A sky beast (D:7)
  5 ugly thing simulacra (IceCv)
  8 centaurs
  A phantom (D:6)
  A kobold brigand (D:9)
  2 bullfrogs (D:7)
  A gnoll sergeant (D:8)
  3 scorpions
  3 necrophages
  5 glowing shapeshifter simulacra (IceCv)
  6 wights
  10 killer bees (D:10)
  4 howler monkeys
  A crimson imp (D:10)
  5 hounds
  5 orc priests
  2 jellies (D:8)
  Ijyb (D:2)
  2 iguanas (D:6)
  3 orc wizards (D:7)
  10 adders
  13 gnolls
  A shadow imp (D:8)
  3 white imps
  2 ufetubi
  A worm (D:2)
  A dart slug (D:4)
  16 orcs
  7 endoplasms
  2 giant cockroaches (D:2)
  10 goblins
  4 hobgoblins
  8 jackals
  16 kobolds
  6 quokkas
  9 ball pythons
  6 bats
  5 frilled lizards
  3 rats
236 creatures vanquished.

Vanquished Creatures (others)
  2 withered plants (D:6)
2 creatures vanquished.

Grand Total: 238 creatures vanquished

Notes
Turn   | Place    | Note
-------+----------+-------------------------------------------
     0 | D:1      | Aelig the Barachi Ice Elementalist began the quest for the
                  | Orb.
     0 | D:1      | Reached XP level 1. HP: 13/13 MP: 3/3
   101 | D:1      | Reached skill level 5 in Ice Magic
   535 | D:1      | Found a faded altar of an unknown god.
   545 | D:1      | Reached XP level 2. HP: 16/19 MP: 1/5
   648 | D:1      | Got the Guide on Clay
  1157 | D:2      | Reached XP level 3. HP: 21/24 MP: 2/7
  1411 | D:2      | Learned a level 3 spell: Frozen Ramparts
  1481 | D:2      | Learned a level 3 spell: Ozocubu's Armour
  1840 | D:2      | Reached XP level 4. HP: 30/30 MP: 3/9
  1855 | D:2      | Reached skill level 6 in Ice Magic
  2040 | D:2      | Noticed Ijyb
  2043 | D:2      | Paralysed by Ijyb for 5 turns
  2050 | D:2      | Paralysed by Ijyb for 5 turns
  2061 | D:2      | Paralysed by Ijyb for 6 turns
  2062 | D:2      | Killed Ijyb
  2063 | D:2      | Reached XP level 5. HP: 31/35 MP: 2/11
  2242 | D:2      | Learned a level 4 spell: Hailstorm
  2425 | D:2      | You fall into a shaft and drop 2 floors!
  2449 | D:4      | Identified the amulet "Fasharr" {Spirit rF- rC+ Str+4
                  | Int+4}
  2641 | D:3      | Reached skill level 1 in Conjurations
  2934 | D:3      | Found a shimmering altar of Xom.
  2975 | D:3      | Found a runed translucent door.
  2980 | D:3      | Noticed p0werm0de's ghost (weakling FoFi)
  3071 | D:4      | Reached skill level 7 in Ice Magic
  3071 | D:4      | Reached XP level 6. HP: 41/41 MP: 3/12
  3746 | D:4      | Identified a scroll of acquirement
  3746 | D:4      | Acquired the +0 helmet of Bacosuut {rF+ SInv Stlth-}
  3794 | D:5      | Entered Level 5 of the Dungeon
  3852 | D:5      | Noticed a black bear
  3862 | D:5      | Killed a black bear
  3863 | D:5      | Reached skill level 8 in Ice Magic
  3863 | D:5      | Reached XP level 7. HP: 44/46 MP: 4/13
  4052 | D:5      | Identified the +2 pair of boots "Sauxtack" {Drain Dex+6}
  4337 | D:5      | Reached skill level 5 in Conjurations
  4445 | D:5      | Found Ytiymped's Distillery.
  4454 | D:5      | Bought a potion of heal wounds for 55 gold pieces
  4546 | D:5      | Reached XP level 8. HP: 52/52 MP: 12/14
  4645 | D:5      | Noticed a yak
  4648 | D:5      | Noticed a yak
  4650 | D:5      | Noticed a yak
  4651 | D:5      | Noticed a yak
  4652 | D:5      | Noticed a yak
  4660 | D:5      | Killed a yak
  4660 | D:5      | Killed a yak
  4661 | D:5      | Reached skill level 9 in Ice Magic
  4663 | D:5      | Killed a yak
  4663 | D:5      | Killed a yak
  4664 | D:5      | Reached skill level 10 in Ice Magic
  4668 | D:5      | Killed a yak
  5305 | D:6      | Reached skill level 5 in Spellcasting
  5305 | D:6      | Reached XP level 9. HP: 64/64 MP: 7/16
  5512 | D:6      | Noticed a kobold demonologist
  5530 | D:6      | Killed a kobold demonologist
  5531 | D:6      | Reached skill level 11 in Ice Magic
  5754 | D:6      | Found a runed translucent door.
  5754 | D:6      | Noticed SlaveLabor's ghost (novice MiBe)
  6923 | D:7      | Reached skill level 12 in Ice Magic
  6959 | D:7      | Found a staircase to the Ecumenical Temple.
  6970 | Temple   | Entered the Ecumenical Temple
  7085 | Temple   | Became a worshipper of Vehumet
  7226 | D:7      | Found a transporter.
  7321 | D:7      | Reached skill level 5 in Fighting
  7353 | D:7      | Noticed kae's ghost (novice DgFE)
  7377 | D:7      | Reached XP level 10. HP: 76/76 MP: 11/19
  7430 | D:7      | Noticed Joseph
  7442 | D:7      | Killed Joseph
  7443 | D:7      | Reached skill level 5 in Dodging
  7562 | D:7      | Found a transporter.
  8025 | D:7      | Noticed Menkaure
  8030 | D:7      | Killed Menkaure
  8580 | D:9      | Noticed Erolcha
  8714 | D:8      | Reached skill level 1 in Slings
  9106 | D:8      | Reached * piety under Vehumet
  9106 | D:8      | Offered knowledge of Foxfire by Vehumet.
  9154 | D:8      | Learned a level 4 spell: Airstrike
  9406 | D:9      | Noticed a moth of wrath
  9424 | D:9      | Found a bloodstained altar of Trog.
  9424 | D:9      | Noticed DrLatency's ghost (novice FeCK)
  9424 | D:9      | Noticed a tengu warrior
  9424 | D:9      | Noticed a two-headed ogre
  9425 | D:9      | Noticed a two-headed ogre
  9466 | D:9      | Found a transporter.
  9493 | D:9      | Noticed a two-headed ogre
  9517 | D:9      | Found a transporter.
  9645 | D:9      | Reached skill level 1 in Air Magic
  9977 | D:10     | Entered Level 10 of the Dungeon
 10027 | D:10     | Noticed a tengu warrior
 10039 | D:10     | Killed a tengu warrior
 10435 | D:10     | Identified the +9 mace "Xubbon" {elec, rPois rC+ rCorr
                  | Dex+2}
 10536 | D:10     | Reached skill level 1 in Maces & Flails
 10536 | D:10     | Reached XP level 11. HP: 84/86 MP: 14/20
 10607 | D:10     | Found an iron altar of Okawaru.
 10623 | D:10     | Reached skill level 5 in Air Magic
 10806 | D:11     | Found a staircase to the Lair.
 10806 | D:11     | Noticed a death yak
 10807 | D:11     | Noticed a death yak
 10808 | D:11     | Noticed a death yak
 10810 | D:11     | Noticed a death yak
 10811 | D:11     | Noticed a death yak
 10818 | D:11     | Killed a death yak
 10818 | D:11     | Offered knowledge of Poisonous Vapours by Vehumet.
 11040 | D:11     | Noticed a boulder beetle
 11054 | D:11     | Killed a boulder beetle
 11054 | D:11     | Reached ** piety under Vehumet
 11055 | D:11     | Reached skill level 5 in Slings
 11159 | D:11     | Noticed Amaemon
 11167 | D:11     | Noticed a two-headed ogre
 11175 | D:11     | Killed a two-headed ogre
 11272 | D:11     | Found a frozen archway.
 11290 | IceCv    | Entered an ice cave
 11746 | IceCv    | Reached skill level 5 in Maces & Flails
 12990 | IceCv    | Offered knowledge of Searing Ray by Vehumet.
 13170 | IceCv    | Reached XP level 12. HP: 92/92 MP: 1/21
 13529 | IceCv    | Noticed an azure jelly
 13548 | IceCv    | Found a viscous altar of Jiyva.
 13548 | IceCv    | Noticed an azure jelly
 13558 | IceCv    | Demolished by an azure jelly

Illustrated notes

Levels and vault maps discovered:
D:1:      kennysheep_arrival_seaside, layout_rooms,
          chequers_ecumenical_altar_simple_redux
D:2:      kennysheep_the_goblin_king, layout_basic, nrook_uturn
D:3:      layout_basic, lemuel_crystal_altar, ebering_ghost_sewer_d
D:4:      layout_rooms
D:5:      layout_loops_ring, serial_shops, nicolae_inconvenience_store,
          uniq_ijyb
D:6:      layout_layer_cave, gammafunk_ghost_grave
D:7:      layout_loops_ring, minmay_temple_entry_stoned_glass,
          gammafunk_ghost_hive, grunt_ministairs_11, uniq_menkaure, uniq_joseph
D:8:      lemuel_ice_spiral_2, layout_basic
D:9:      layout_layer_cave, david_orc_1_choice,
          gammafunk_ghost_wrathful_warriors,
          nicolae_concentric_dashed_squares_mild, uniq_erolcha
D:10:     layout_loops_ring, mainiacjoe_overflow_catwalk, minmay_fire_ice_demons
D:11:     layout_basic, dpeg_lair_monsters, portal_ice_cave_rime, uniq_amaemon
Temple:   regret_index_temple_chain_breaker
IceCv:    ice_cave_hellmonk_azure_passage

Skill      XL: |  1  2  3  4  5  6  7  8  9 10 11 |
---------------+----------------------------------+-----
Ice Magic      | 5 6 7 8 10 12 | 12.2
Spellcasting   | 3 4 5 6 |  6.0
Conjurations   | 2 4 5 6 |  6.0
Fighting       | 3 5 8 |  8.0
Dodging        | 4 6 |  6.0
Slings         | 4 6 |  6.0
Air Magic      | 4 8 |  8.2
Maces & Flails | 1 7 |  7.3
Stealth        | |  1.7

Action                   |  1- 3 |  4- 6 |  7- 9 | 10-12 || total
-------------------------+-------+-------+-------+-------++-------
Melee: Dagger            |    22 |    33 |     2 |       ||    57
       Punch             |     1 |     2 |     1 |     1 ||     5
       Rapier            |       |       |    48 |    33 ||    81
       Mace              |       |       |       |    81 ||    81
 Fire: Hunting sling     |       |       |       |    55 ||    55
Throw: Stone             |    45 |    23 |     1 |       ||    69
 Cast: Freeze            |    46 |    46 |    21 |    15 ||   128
       Frozen Ramparts   |     2 |    16 |    33 |    32 ||    83
       Ozocubu's Armour  |       |     7 |    23 |    45 ||    75
       Hailstorm         |       |       |     5 |    26 ||    31
       Airstrike         |       |       |       |    44 ||    44
 Abil: Hop               |       |     1 |     1 |     6 ||     8
Evoke: Wand              |       |       |       |     3 ||     3
  Use: Scroll            |       |     9 |       |     9 ||    18
       Potion            |       |       |     1 |     4 ||     5
 Stab: Sleeping          |     1 |     2 |     1 |       ||     4
Armor: Robe              |    12 |    27 |    42 |    19 ||   100
       Steam dragon scal |       |       |       |   128 ||   128
Dodge: Dodged            |    27 |    51 |   145 |   281 ||   504

Table legend: (Time is in decaauts)
 A = Elapsed time spent in this place.
 B = Non-inter-level travel time spent in this place.
 C = Inter-level travel time spent in this place.
 D = Time resting spent in this place.
 E = Time spent auto-exploring this place.
 F = Levels seen in this place.
 G = Mean time per level.
                   A        B        C        D        E       F      G
               +--------+--------+--------+--------+--------+-----+--------+
         Total |  14790 |  14394 |    396 |   4693 |   6325 |  13 | 1137.7 |
       Dungeon |  12283 |  11914 |    369 |   3006 |   6142 |  11 | 1116.6 |
        Temple |    156 |    130 |     26 |      0 |    108 |   1 |  156.0 |
      Ice Cave |   2351 |   2351 |      0 |   1686 |     74 |   1 | 2351.0 |
               +--------+--------+--------+--------+--------+-----+--------+

Top non-repeatable levels by time:
   IceCv: 2351 daAuts
     D:6: 1946 daAuts
     D:7: 1517 daAuts
     D:2: 1456 daAuts
     D:5: 1391 daAuts
     D:1: 1189 daAuts
     D:8: 1154 daAuts
     D:4: 973 daAuts
    D:10: 933 daAuts
     D:9: 668 daAuts
     D:3: 550 daAuts
    D:11: 500 daAuts
  Temple: 156 daAuts
